 Dungeon Crawl Stone Soup version 0.23-a0-171-g5ae17c6 (webtiles) character file.

279 Ijustatesigmund the Sneak (level 6, -12/42 HPs)
             Began as an Octopode Gladiator on Sept 14, 2018.
             Mangled by an ogre
             ... wielding a +0 giant club
              (24 damage)
             ... on level 5 of the Dungeon.
             The game lasted 00:06:02 (2943 turns).

Ijustatesigmund the Sneak (Octopode Gladiator)      Turns: 2943, Time: 00:06:03

Health: -12/42     AC:  5    Str: 18    XL:     6   Next: 26%
Magic:  6/6        EV: 14    Int: 10    God:
Gold:   120        SH:  0    Dex: 16    Spells: 5/5 levels left

rFire    + . .     SeeInvis .   a - +3 war axe
rCold    + . .     Gourm    .   (no shield)
rNeg     . . .     Faith    .   b - +1 hat
rPois    +         Spirit   .   (no amulet)
rElec    +         Reflect  .   f - ring of wizardry
rCorr    +         Harm     .   (no ring)
MR       .....                  (no ring)
Stlth    ++++......             (no ring)
HPRegen  0.14/turn              (no ring)
MPRegen  0.10/turn              (no ring)
                                (no ring)
                                (no ring)

@: mighty, resistant, flying
A: almost no armour, stealthy swim, amphibious, 8 rings, constrict 8, tentacle
spike 1, yellow scales 2, camouflage 1, wild magic 1, gelatinous body 1
a: no special abilities


You were on level 5 of the Dungeon.
You were not hungry.

You visited 1 branch of the dungeon, and saw 4 of its levels.

You collected 120 gold pieces.

Inventory:

Hand Weapons
 a - a +3 war axe (weapon)
Missiles
 c - 3 throwing nets
 i - 7 javelins (quivered)
Armour
 b - a +1 hat (worn)
Jewellery
 f - a ring of wizardry (left tentacle)
Potions
 e - 2 potions of curing
 g - a potion of might
 j - a potion of brilliance {unknown}
 k - a potion of magic
 m - a potion of flight
 n - a potion of agility {unknown}
 o - a potion of ambrosia {unknown}
 p - a potion of heal wounds {unknown}
 q - a potion of lignification {unknown}
Comestibles
 d - 5 rations


   Skills:
 + Level 3.0 Fighting
 + Level 4.9 Axes
 - Level 2.0 Throwing
 - Level 3.0 Dodging
 + Level 5.5 Stealth


You had 5 spell levels left.
You didn't know any spells.
Your spell library contained the following spells:

 Spells                   Type           Power        Failure   Level  Hunger
 Corona                   Hex            #......      21%         1    ##.....
 Ensorcelled Hibernation  Hex/Ice        #.....       28%         2    ###....
 Confuse                  Hex            #.......     47%         3    ####...
 Dazzling Spray           Conj/Hex       #.....       47%         3    ####...
 Tukima's Dance           Hex            #.......     47%         3    ####...


Dungeon Overview and Level Annotations

Branches:
Dungeon (3/15)

Altars:
Okawaru
The Shining One

Annotations:
D:3 Grinder


Innate Abilities, Weirdness & Mutations

You cannot wear most types of armour.
You are very stealthy in the water. (Stealth+)
You are amphibious.
You can wear up to eight rings at the same time.
You can use your tentacles to constrict eight enemies at once.
Your skin changes colour to match your surroundings (Stealth+).
Your rubbery body absorbs attacks. (AC +1, EV +1)
One of your tentacles bears a spike.
You are mostly covered in yellow scales. (AC +3)
Your spells are a little harder to cast, but a little more powerful.


Message History

The worker ant zombie is heavily damaged.
You constrict the worker ant zombie.
You feel sick.
The worker ant zombie bites you but does no damage.
You slash the worker ant zombie!
You pierce the worker ant zombie.
You destroy the worker ant zombie!
You feel sick.
You feel better. The ogre hits you with a giant club!!
* * * LOW HITPOINT WARNING * * *
It was a potion of magic.
Magic courses through your body. The ogre closely misses you.
You aren't carrying any scrolls.
Unknown command.
It was a potion of flight.
You feel very buoyant.
You fly up into the air.
It was a potion of resistance.
You feel protected. The ogre hits you with a giant club!!
Ouch! That really hurt!
You die...

...# #..# #.####.# #..#
##.#.....
###..########........#
#...........# #......# +##
......##.##.# ......# ....
#.##..##.##.# ....# ..≈..
#.##.....##.#.#####..#(..!..
#.###.##.##.#...@O...'.≈..!≈
#.###.##.##.#######.##......
#.....).....# #.# ..≈..
#####.##.#### ##.## ....
####.....#########...####+##
'.........$.............+
####..%###########...#### #
#..## ##.## #.## #.#


You could see an ogre.

Vanquished Creatures
  A hound (D:3)
  An orc wizard (D:2)
  2 worker ants (D:5)
  A worker ant zombie (D:5)
  2 gnolls (D:1)
  3 adders
  An ooze (D:1)
  5 worms
  3 dart slugs
  A leopard gecko (D:1)
  6 orcs
  5 ball pythons
  5 bats
  6 goblins
  12 hobgoblins
  11 jackals
  4 kobolds
  A quokka (D:3)
  5 frilled lizards
  8 rats
83 creatures vanquished.

Notes
Turn   | Place    | Note
-------+----------+-------------------------------------------
     0 | D:1      | Ijustatesigmund the Octopode Gladiator began the quest for
                  | the Orb.
     0 | D:1      | Reached XP level 1. HP: 14/14 MP: 1/1
    60 | D:1      | Reached skill level 1 in Stealth
    60 | D:1      | Reached XP level 2. HP: 19/19 MP: 2/2
    70 | D:1      | Reached skill level 2 in Stealth
   442 | D:1      | Reached XP level 3. HP: 16/24 MP: 3/3
   528 | D:1      | Reached skill level 3 in Stealth
   716 | D:1      | Reached XP level 4. HP: 29/29 MP: 4/4
  1648 | D:2      | Reached skill level 4 in Stealth
  2008 | D:2      | Reached XP level 5. HP: 21/34 MP: 5/5
  2165 | D:2      | Found a glowing golden altar of the Shining One.
  2567 | D:3      | Found an iron altar of Okawaru.
  2578 | D:2      | Reached skill level 5 in Stealth
  2857 | D:3      | Noticed Grinder
  2860 | D:3      | Gained mutation: You are partially covered in yellow
                  | scales. (AC +2) [potion of mutation]
  2860 | D:3      | Gained mutation: You are mostly covered in yellow scales.
                  | (AC +3) [potion of mutation]
  2860 | D:3      | Gained mutation: Your spells are a little harder to cast,
                  | but a little more powerful. [potion of mutation]
  2860 | D:3      | Gained mutation: One of your tentacles bears a spike.
                  | [potion of mutation]
  2866 | D:3      | You fall through a shaft for 2 floors!
  2866 | D:5      | Entered Level 5 of the Dungeon
  2927 | D:5      | Noticed an ogre
  2934 | D:5      | Reached XP level 6. HP: 35/41 MP: 6/6
  2943 | D:5      | Mangled by an ogre

Vault maps used:
D:1:      elethiomel_arrival_maze, minmay_shallow_snake_nest
D:2:      first_ration, tso_metal_star
D:3:      okawaru_gym_becter, small_statue_intersection, uniq_grinder
D:5:      kennysheep_generic_room_10

Skill      XL: |  1  2  3  4  5  6 |
---------------+-------------------+-----
Stealth        | 1 2 3 4 5 |  5.5
Axes           | 4 |  4.9
Fighting       | 3 |  3.0
Throwing       | |  2.0
Dodging        | |  3.0

Action                   |  1- 3 |  4- 6 || total
-------------------------+-------+-------++-------
Melee: War axe           |    43 |   100 ||   143
       Constrict         |    18 |    29 ||    47
       Tentacles         |    14 |    10 ||    24
       Kick              |       |     3 ||     3
  Use: Scroll            |     2 |     7 ||     9
       Potion            |       |     8 ||     8
 Stab: Sleeping          |     6 |    11 ||    17
       Distracted        |       |     1 ||     1
  Eat: Ration            |       |     2 ||     2
       Chunk             |       |     2 ||     2
Armor: Skin              |     1 |    17 ||    18
Dodge: Dodged            |    17 |    77 ||    94

Table legend:
 A = Non-vault XP
 B = Vault XP
 C = Vault XP percentage of total XP
 D = Non-vault monster count
 E = Vault monster count
 F = Vault count percentage of total count
                 A         B        C        D         E       F
            +---------+---------+-------+---------+---------+-------
      Total |     375 |      24 |   6.0 |      78 |       5 |   6.0
            +---------+---------+-------+---------+---------+-------
        D:1 |      86 |       7 |   7.5 |      30 |       4 |  11.8
        D:2 |     123 |       0 |   0.0 |      29 |       0 |   0.0
        D:3 |      87 |       0 |   0.0 |      15 |       0 |   0.0
        D:5 |      79 |      17 |  17.7 |       4 |       1 |  20.0
            +---------+---------+-------+---------+---------+-------
